 Dungeon Crawl Stone Soup version 0.28-a0-804-g60983d4ba9 (webtiles) character file.

Game seed: 10937504819643677046

5 croobank the Scratcher (level 1, -1/9 HPs)
             Began as a Felid Transmuter on Nov 7, 2021.
             Killed from afar by a dart slug (3 damage)
             ... with a slug dart
             ... on level 1 of the Dungeon.
             The game lasted 00:03:33 (358 turns).

croobank the Scratcher (Felid Transmuter)            Turns: 358, Time: 00:03:34

Health: -1/9       AC:  1    Str:  6    XL:     1   Next: 66%
Magic:  4/4        EV: 17    Int: 14    God:
Gold:   31         SH:  5    Dex: 16    Spells: 3/4 levels left
                                        Lives:  0   Deaths: 0

rFire   . . .      SeeInvis +     - Unarmed
rCold   . . .      Faith    .   (shield unavailable)
rNeg    . . .      Spirit   .   (armour unavailable)
rPois   .          Reflect  +   (helmet unavailable)
rElec   .          Harm     .   (cloak unavailable)
rCorr   .          Rampage  .   (gloves unavailable)
Will    .....                   (boots unavailable)
Stlth   +.........              b - amulet of reflection
HPRegen 0.03/turn               (no ring)
MPRegen 0.09/turn               (no ring)

@: quick
A: very small, claws 1, fangs 3, see invisible, speed 1, shaggy fur 1, stealthy
paws, no weapons or thrown items, no armour, multi-lived
a: no special abilities


You were on level 1 of the Dungeon.
You visited 1 branch of the dungeon, and saw 1 of its levels.

You collected 31 gold pieces.

Inventory:

Jewellery
 b - an amulet of reflection (around neck)
Scrolls
 a - a scroll of vulnerability {unknown}


   Skills:
 + Level 1.0 Fighting
 + Level 2.9 Dodging
 + Level 3.3 Unarmed Combat
 + Level 2.0 Spellcasting
 + Level 2.1 Transmutations


You had 3 spell levels left.
You knew the following spells:

 Your Spells              Type           Power      Damage    Failure   Level
a - Beastly Appendage     Tmut           14%        N/A       10%         1

Your spell library contained the following spells:

 Spells                   Type           Power      Damage    Failure   Level
 Wereblood                Tmut           7%         N/A       14%         2
 Spider Form              Tmut/Pois      4%         N/A       41%         3
 Ice Form                 Ice/Tmut       4%         N/A       83%         4


Dungeon Overview and Level Annotations

Branches:
Dungeon (1/15)

Altars:


Innate Abilities, Weirdness & Mutations

You have sharp claws.
You have razor-sharp teeth.
You have supernaturally acute eyesight. (SInv)
You cover ground quickly. (Speed+)
You are covered in fur. (AC +1)
Your paws help you pounce on unaware monsters.
You are incapable of wielding weapons or throwing items.
You cannot wear armour.
You gain extra lives every three experience levels.


Message History

You finish putting on your amulet of reflection.
You feel a shielding aura gather around you.
b - an amulet of reflection (around neck)
A kobold comes into view.
It is wielding a +1 short sword of electrocution.
Found a whip.
Found 10 gold pieces.
The kobold shouts!
The kobold throws a stone.
The stone misses you.
The kobold throws a stone.
The stone hits you.
* * * LOW HITPOINT WARNING * * *
The kobold throws a stone.
The stone closely misses you.
Found a hand axe.
Found a bubbling amethyst potion.
c - a bubbling amethyst potion
There are no items here.
It was a potion of lignification.
You turn into a tree.
Your roots penetrate the ground.
The kobold throws a stone.
The stone hits you but does no damage.
The kobold throws a stone.
The stone barely misses you.
You closely miss the kobold. The kobold hits you but does no damage.
You smack the kobold!
You kill the kobold!
You start resting.
Your transformation is almost over.
You start resting.
You feel less wooden.
You start resting.
A dart slug is nearby!
You now have 31 gold pieces (gained 2).
A dart slug is nearby!
Found a whip.
The dart slug bites you.
* * * LOW HITPOINT WARNING * * *
You scratch the dart slug.
The dart slug is severely wounded.
You scratch the dart slug.
The dart slug is almost dead.
The dart slug launches a dart at you. The slug dart hits you.
You die...

#.#####.#'#'#≈≈≈....#
#.......#...'≈≈≈....#
##+###'##..('≈≈≈....#
+#+#≈≈≈≈≈≈≈#+#'#≈≈≈....#####
≈≈≈≈≈≈≈≈≈≈≈≈≈≈≈≈≈≈≈.........
≈≈≈≈≈≈≈≈≈≈≈≈≈≈≈≈≈≈≈.........
≈≈≈≈≈≈≈≈≈≈≈≈≈≈≈≈≈≈≈.........
............................
)..........@w...............
########.#..###..#.........)
#.#..# ##.....####.## #.#.##
##.#.### #.# #.#.# #.#...#
#.# #.#.# #.#.#)# #.# #...#
#.#.#.# #.# #.###
#...#.##.... #.#
#).......#K#


You could see a dart slug.

Vanquished Creatures
  An endoplasm (D:1)
  A hobgoblin (D:1)
  A kobold (D:1)
  A quokka (D:1)
4 creatures vanquished.

Notes
Turn   | Place    | Note
-------+----------+-------------------------------------------
     0 | D:1      | croobank the Felid Transmuter began the quest for the Orb.
     0 | D:1      | Reached XP level 1. HP: 9/9 MP: 4/4
   108 | D:1      | Found a faded altar of an unknown god.
   358 | D:1      | Killed from afar by a dart slug

Illustrated notes

Levels and vault maps discovered:
D:1:      dpeg_arrival_castle, layout_rooms,
          hellmonk_ecumenical_altar_pennies_from_heaven, minmay_heptomino_o4

Action                   || total
-------------------------++-------
Melee: Unarmed           ||    13
       Bite              ||     2
       Headbutt          ||     1
       Punch             ||     1
 Cast: Beastly Appendage ||     2
  Use: Potion            ||     1
Armor: Skin              ||     2
Dodge: Dodged            ||     7

Table legend: (Time is in decaauts)
 A = Elapsed time spent in this place.
 B = Non-inter-level travel time spent in this place.
 C = Inter-level travel time spent in this place.
 D = Time resting spent in this place.
 E = Time spent auto-exploring this place.
 F = Levels seen in this place.
 G = Mean time per level.
                   A        B        C        D        E       F      G
               +--------+--------+--------+--------+--------+-----+--------+
         Total |    319 |    319 |      0 |     55 |    136 |   1 |  319.0 |
       Dungeon |    319 |    319 |      0 |     55 |    136 |   1 |  319.0 |
               +--------+--------+--------+--------+--------+-----+--------+

Top non-repeatable levels by time:
     D:1: 319 daAuts
